[ AOE2 MATCH · #506075495 ]
UnrankedGoths vs Jurchens
Player's team · WIN
Rival team · LOSS
[ REPLAY ANALYSIS · EXTRACTED FROM THE RECORDED GAME ]
Feudal
8:57
Castle
22:05
Imperial
26:33
| APM avg | 32.5 |
| APM peak | 107 |
| eAPM avg | 18.0 |
| Villagers / military | 69 / 29 |
Focus
⚔️ 30.7% · 🌾 69.3%
Huskarl ×18 · Monk ×4 · Trebuchet (Packed) ×4 · Battering Ram ×3
Feudal
11:23
Castle
21:56
Imperial
27:18
| APM avg | 30.0 |
| APM peak | 63 |
| eAPM avg | 18.7 |
| Villagers / military | 61 / 5 |
Focus
⚔️ 35.2% · 🌾 64.8%
Unknown (1908) ×9 · Trebuchet (Packed) ×3 · Iron Pagoda ×2
Match map
Initial resources + every placement click. Lines = walls · curves = elevation contours. ◆ gold · ⬟ stone · ● berries · ✦ relic · ◌ wall gap
Your base· ✓ Closed at 22:05 · 0t walls · 2 gate(s)
chuoi's base· ✓ Closed at 21:56 · 39t walls · 6 gate(s)
Smoothed initial terrain · ◌ = detected wall gap · hover for details
Inputs per minute
— Riut - - chuoi
Build order — Riut
First 150 of 152 actions detected
| 0:00 | Queue | Villager (Male) |
| 0:01 | Queue | Villager (Male) |
| 0:01 | Queue | Villager (Male) |
| 0:01 | Queue | Villager (Male) |
| 0:02 | Build | House |
| 0:03 | Build | House |
| 1:28 | Queue | Villager (Male) |
| 1:28 | Queue | Villager (Male) |
| 1:28 | Queue | Villager (Male) |
| 1:47 | Build | Lumber Camp |
| 2:01 | Queue | Villager (Male) |
| 2:14 | Queue | Villager (Male) |
| 2:14 | Queue | Villager (Male) |
| 2:14 | Queue | Villager (Male) |
| 2:48 | Queue | Villager (Male) |
| 2:48 | Queue | Villager (Male) |
| 2:48 | Queue | Villager (Male) |
| 2:48 | Queue | Villager (Male) |
| 3:08 | Queue | Villager (Male) |
| 3:08 | Queue | Villager (Male) |
| 3:08 | Queue | Villager (Male) |
| 3:08 | Queue | Villager (Male) |
| 3:12 | Research | Loom |
| 3:29 | Queue | Villager (Male) |
| 3:29 | Queue | Villager (Male) |
| 3:30 | Queue | Villager (Male) |
| 3:32 | Build | House |
| 3:56 | Queue | Villager (Male) |
| 3:56 | Queue | Villager (Male) |
| 3:56 | Queue | Villager (Male) |
| 3:56 | Queue | Villager (Male) |
| 3:56 | Queue | Villager (Male) |
| 4:24 | Queue | Villager (Male) |
| 4:24 | Queue | Villager (Male) |
| 4:25 | Queue | Villager (Male) |
| 4:56 | Queue | Villager (Male) |
| 4:57 | Queue | Villager (Male) |
| 4:57 | Queue | Villager (Male) |
| 4:57 | Queue | Villager (Male) |
| 5:23 | Queue | Villager (Male) |
| 5:56 | Build | Mining Camp |
| 6:47 | Research | Feudal Age |
| 7:04 | Build | House |
| 7:59 | Queue | Villager (Male) |
| 8:00 | Queue | Villager (Male) |
| 8:57 | Age | Feudal Age |
| 9:00 | Build | Watch Tower |
| 9:12 | Build | Blacksmith |
| 9:14 | Queue | Villager (Male) |
| 9:15 | Queue | Villager (Male) |
| 9:28 | Queue | Villager (Male) |
| 9:56 | Build | House |
| 10:01 | Research | Fletching |
| 10:24 | Queue | Villager (Male) |
| 11:03 | Build | Watch Tower |
| 11:15 | Build | Mill |
| 11:20 | Queue | Villager (Male) |
| 11:31 | Queue | Villager (Male) |
| 11:56 | Queue | Villager (Male) |
| 12:29 | Build | House |
| 12:30 | Build | House |
| 12:31 | Research | Double-Bit Axe |
| 12:33 | Queue | Villager (Male) |
| 12:48 | Queue | Villager (Male) |
| 13:05 | Build | Watch Tower |
| 13:15 | Queue | Villager (Male) |
| 13:16 | Build | Farm |
| 13:18 | Build | Farm |
| 13:50 | Queue | Villager (Male) |
| 13:54 | Build | Farm |
| 13:56 | Build | Farm |
| 14:09 | Queue | Villager (Male) |
| 14:09 | Queue | Villager (Male) |
| 14:09 | Queue | Villager (Male) |
| 14:10 | Queue | Villager (Male) |
| 14:11 | Build | Farm |
| 14:53 | Queue | Villager (Male) |
| 15:11 | Build | Mill |
| 15:20 | Build | Farm |
| 15:52 | Queue | Villager (Male) |
| 15:57 | Build | Farm |
| 15:57 | Research | Horse Collar |
| 16:29 | Queue | Villager (Male) |
| 16:30 | Queue | Villager (Male) |
| 16:30 | Queue | Villager (Male) |
| 16:40 | Build | Farm |
| 16:41 | Build | Farm |
| 16:45 | Build | House |
| 17:32 | Queue | Villager (Male) |
| 17:35 | Build | Mining Camp |
| 18:02 | Queue | Villager (Male) |
| 18:06 | Build | House |
| 18:12 | Build | Market |
| 18:29 | Queue | Villager (Male) |
| 18:57 | Queue | Villager (Male) |
| 19:25 | Research | Castle Age |
| 19:32 | Build | Outpost |
| 19:44 | Research | Gold Mining |
| 19:51 | Build | Farm |
| 20:14 | Build | Farm |
| 20:15 | Build | Farm |
| 20:15 | Build | Farm |
| 20:15 | Build | Farm |
| 20:15 | Build | Farm |
| 21:10 | Build | Mining Camp |
| 21:32 | Queue | Villager (Male) |
| 21:32 | Queue | Villager (Male) |
| 22:05 | Age | Castle Age |
| 22:11 | Build | Castle |
| 22:56 | Queue | Villager (Male) |
| 23:23 | Research | Imperial Age |
| 23:34 | Build | Monastery |
| 23:50 | Build | Siege Workshop |
| 23:53 | Queue | Huskarl |
| 23:54 | Queue | Huskarl |
| 23:54 | Queue | Huskarl |
| 23:54 | Queue | Huskarl |
| 24:14 | Queue | Huskarl |
| 24:16 | Research | Scale Mail Armor |
| 24:16 | Research | Scale Mail Armor |
| 24:19 | Queue | Monk |
| 24:34 | Queue | Huskarl |
| 24:34 | Queue | Huskarl |
| 24:34 | Queue | Huskarl |
| 24:35 | Queue | Huskarl |
| 24:41 | Queue | Battering Ram |
| 24:41 | Queue | Battering Ram |
| 25:09 | Queue | Huskarl |
| 25:10 | Queue | Huskarl |
| 25:25 | Queue | Battering Ram |
| 25:36 | Queue | Monk |
| 25:44 | Queue | Huskarl |
| 25:44 | Queue | Huskarl |
| 25:44 | Queue | Huskarl |
| 25:45 | Queue | Huskarl |
| 25:45 | Queue | Huskarl |
| 25:45 | Queue | Huskarl |
| 25:45 | Queue | Huskarl |
| 26:33 | Age | Imperial Age |
| 26:37 | Queue | Trebuchet (Packed) |
| 26:51 | Research | Bodkin Arrow |
| 27:13 | Build | Lumber Camp |
| 27:19 | Queue | Monk |
| 27:28 | Queue | Trebuchet (Packed) |
| 27:33 | Queue | Villager (Male) |
| 27:34 | Queue | Villager (Male) |
| 27:34 | Queue | Villager (Male) |
| 27:34 | Queue | Villager (Male) |
| 28:35 | Queue | Trebuchet (Packed) |
| 28:49 | Queue | Villager (Male) |
Build order — chuoi
First 150 of 177 actions detected
| 0:01 | Queue | Villager (Male) |
| 0:01 | Queue | Villager (Male) |
| 0:02 | Build | House |
| 0:03 | Build | House |
| 0:14 | Queue | Villager (Male) |
| 0:22 | Queue | Villager (Male) |
| 0:22 | Queue | Villager (Male) |
| 0:42 | Build | Palisade Gate |
| 1:01 | Build | Palisade Gate |
| 1:06 | Build | Palisade Wall |
| 1:11 | Build | Palisade Wall |
| 1:14 | Build | Palisade Wall |
| 1:18 | Build | Palisade Wall |
| 1:28 | Build | Palisade Gate |
| 1:37 | Queue | Villager (Male) |
| 1:37 | Queue | Villager (Male) |
| 1:59 | Queue | Villager (Male) |
| 2:00 | Queue | Villager (Male) |
| 2:29 | Queue | Villager (Male) |
| 2:29 | Queue | Villager (Male) |
| 2:49 | Queue | Villager (Male) |
| 3:18 | Queue | Villager (Male) |
| 3:19 | Queue | Villager (Male) |
| 3:28 | Build | House |
| 3:44 | Queue | Villager (Male) |
| 3:44 | Queue | Villager (Male) |
| 4:06 | Build | Lumber Camp |
| 4:13 | Queue | Villager (Male) |
| 4:13 | Queue | Villager (Male) |
| 4:29 | Queue | Villager (Male) |
| 4:55 | Queue | Villager (Male) |
| 4:56 | Queue | Villager (Male) |
| 5:36 | Queue | Villager (Male) |
| 5:37 | Queue | Villager (Male) |
| 5:39 | Build | House |
| 6:02 | Queue | Villager (Male) |
| 6:02 | Queue | Villager (Male) |
| 6:06 | Build | House |
| 6:12 | Queue | Villager (Male) |
| 6:12 | Queue | Villager (Male) |
| 6:13 | Queue | Villager (Male) |
| 6:13 | Queue | Villager (Male) |
| 7:08 | Queue | Villager (Male) |
| 7:25 | Queue | Villager (Male) |
| 7:36 | Build | Lumber Camp |
| 7:43 | Build | Mill |
| 8:38 | Queue | Villager (Male) |
| 8:42 | Research | Loom |
| 8:51 | Build | Palisade Wall |
| 8:52 | Build | Palisade Wall |
| 8:55 | Research | Feudal Age |
| 8:56 | Research | Feudal Age |
| 9:11 | Build | Mining Camp |
| 9:47 | Queue | Villager (Male) |
| 10:02 | Build | Barracks |
| 10:28 | Build | Palisade Wall |
| 10:31 | Build | Palisade Wall |
| 10:33 | Build | Palisade Wall |
| 10:39 | Build | Palisade Wall |
| 10:41 | Build | Palisade Wall |
| 10:47 | Build | Palisade Wall |
| 10:49 | Build | Palisade Wall |
| 10:55 | Queue | Villager (Male) |
| 11:04 | Build | Palisade Gate |
| 11:08 | Build | Palisade Wall |
| 11:10 | Build | Palisade Wall |
| 11:21 | Build | House |
| 11:23 | Age | Feudal Age |
| 11:23 | Build | Palisade Wall |
| 11:26 | Queue | Villager (Male) |
| 11:29 | Research | Double-Bit Axe |
| 11:29 | Research | Horse Collar |
| 11:29 | Research | Horse Collar |
| 11:44 | Build | Blacksmith |
| 11:50 | Build | Watch Tower |
| 12:02 | Queue | Villager (Male) |
| 12:14 | Build | House |
| 12:21 | Build | House |
| 12:30 | Build | Gate |
| 12:37 | Queue | Villager (Male) |
| 12:46 | Build | House |
| 12:47 | Queue | Villager (Male) |
| 12:59 | Build | Watch Tower |
| 13:10 | Queue | Villager (Male) |
| 13:12 | Research | Fletching |
| 13:13 | Research | Fletching |
| 13:36 | Build | Farm |
| 13:44 | Queue | Villager (Male) |
| 13:54 | Queue | Villager (Male) |
| 13:56 | Build | Stone Wall |
| 13:57 | Build | Stone Wall |
| 14:06 | Build | Farm |
| 14:07 | Build | Farm |
| 14:18 | Queue | Villager (Male) |
| 14:22 | Build | Stone Wall |
| 14:23 | Build | Stone Wall |
| 14:23 | Build | Stone Wall |
| 14:31 | Queue | Villager (Male) |
| 14:55 | Queue | Villager (Male) |
| 15:33 | Build | Market |
| 15:36 | Build | Farm |
| 15:38 | Build | Farm |
| 15:38 | Build | Farm |
| 15:40 | Build | Farm |
| 15:46 | Queue | Villager (Male) |
| 16:02 | Queue | Villager (Male) |
| 16:24 | Build | Mining Camp |
| 16:33 | Queue | Villager (Male) |
| 16:49 | Queue | Villager (Male) |
| 16:55 | Build | House |
| 16:58 | Build | House |
| 17:21 | Build | Farm |
| 17:22 | Build | Farm |
| 17:24 | Queue | Villager (Male) |
| 17:33 | Queue | Villager (Male) |
| 17:40 | Build | House |
| 17:44 | Research | Wheelbarrow |
| 17:49 | Queue | Villager (Male) |
| 17:56 | Build | Stone Wall |
| 18:07 | Build | Farm |
| 18:08 | Build | Farm |
| 18:17 | Build | Farm |
| 18:35 | Build | Farm |
| 18:42 | Build | Farm |
| 19:16 | Research | Castle Age |
| 19:16 | Research | Castle Age |
| 19:48 | Research | Gold Mining |
| 19:49 | Research | Gold Mining |
| 19:50 | Queue | Villager (Male) |
| 20:32 | Queue | Villager (Male) |
| 21:36 | Queue | Villager (Male) |
| 21:56 | Age | Castle Age |
| 22:09 | Build | Castle |
| 22:23 | Build | Siege Workshop |
| 22:27 | Research | Bow Saw |
| 22:29 | Build | House |
| 22:30 | Build | House |
| 22:39 | Queue | Villager (Male) |
| 22:48 | Build | House |
| 22:49 | Build | House |
| 22:57 | Build | House |
| 22:58 | Build | House |
| 23:00 | Research | Scale Barding Armor |
| 23:00 | Research | Scale Barding Armor |
| 23:13 | Build | Farm |
| 23:29 | Build | Stone Wall |
| 23:30 | Build | Stone Wall |
| 23:32 | Build | Stone Wall |
| 23:33 | Build | Stone Wall |
| 24:08 | Research | Imperial Age |
Match timeline
| 1:06 | chuoi · wall_segment Palisade Wall x1 |
| 1:11 | chuoi · wall_segment Palisade Wall x1 |
| 1:14 | chuoi · wall_segment Palisade Wall x1 |
| 1:18 | chuoi · wall_segment Palisade Wall x1 |
| 8:51 | chuoi · wall_segment Palisade Wall x1 |
| 8:52 | chuoi · wall_segment Palisade Wall x2 |
| 8:57 | Riut · age_up feudal |
| 10:02 | chuoi · first_building Barracks |
| 10:28 | chuoi · wall_segment Palisade Wall x2 |
| 10:31 | chuoi · wall_segment Palisade Wall x5 |
| 10:33 | chuoi · wall_segment Palisade Wall x1 |
| 10:39 | chuoi · wall_segment Palisade Wall x1 |
| 10:41 | chuoi · wall_segment Palisade Wall x4 |
| 10:47 | chuoi · wall_segment Palisade Wall x1 |
| 10:49 | chuoi · wall_segment Palisade Wall x6 |
| 11:08 | chuoi · wall_segment Palisade Wall x1 |
| 11:10 | chuoi · wall_segment Palisade Wall x1 |
| 11:23 | chuoi · age_up feudal |
| 11:23 | chuoi · wall_segment Palisade Wall x4 |
| 13:56 | chuoi · wall_segment Stone Wall x1 |
| 13:57 | chuoi · wall_segment Stone Wall x1 |
| 14:22 | chuoi · wall_segment Stone Wall x1 |
| 14:23 | chuoi · wall_segment Stone Wall x1 |
| 14:23 | chuoi · wall_segment Stone Wall x3 |
| 17:56 | chuoi · wall_segment Stone Wall x1 |
| 19:07 | chuoi · first_market_buy 100 food |
| 19:15 | chuoi · first_market_sell 100 wood |
| 21:56 | chuoi · age_up castle |
| 22:05 | Riut · age_up castle |
| 22:09 | chuoi · first_building Castle |
| 22:11 | Riut · first_building Castle |
| 22:23 | chuoi · first_building Siege Workshop |
| 23:11 | Riut · first_market_sell 100 wood |
| 23:13 | Riut · first_market_buy 100 food |
| 23:29 | chuoi · wall_segment Stone Wall x1 |
| 23:30 | chuoi · wall_segment Stone Wall x3 |
| 23:32 | chuoi · wall_segment Stone Wall x4 |
| 23:33 | chuoi · wall_segment Stone Wall x2 |
| 23:34 | Riut · first_building Monastery |
| 23:50 | Riut · first_building Siege Workshop |
| 24:13 | chuoi · wall_segment Stone Wall x1 |
| 24:27 | chuoi · first_building Stable |
| 26:33 | Riut · age_up imperial |
| 27:18 | chuoi · age_up imperial |
| 29:29 | chuoi · resign |
[ AI ANALYSIS · 1 CREDIT ]
What really happened in this match?
Wolo.gg analyzes every decision: build order, eco, micro, common mistakes by bracket. Personalized analysis on WhatsApp or Discord in 30 seconds.
Civ guide
Goths
Perfil
Jugador #1045839